 Dungeon Crawl Stone Soup version 0.27.0-1-g7a089689b8 (webtiles) character file.

Game seed: 8114260227688949210

15266 RepoMan the Covert (level 11, -6/48 HPs)
             Began as a Felid Air Elementalist on Aug 9, 2021.
             Was an Elder of Sif Muna.
             Mangled by a boulder beetle (29 damage)
             ... on level 3 of the Lair of Beasts.
             The game lasted 02:26:36 (20272 turns).

RepoMan the Covert (Felid Air Elementalist)        Turns: 20272, Time: 02:26:37

Health: -6/48      AC:  7    Str: 10    XL:     11   Next: 99%
Magic:  6/24       EV: 26    Int: 25    God:    Sif Muna [****..]
Gold:   809        SH:  0    Dex: 19    Spells: 12/26 levels left
                                        Lives:  0   Deaths: 3

rFire    . . .     SeeInvis +   (weapon unavailable)
rCold    + . .     Faith    .   (shield unavailable)
rNeg     + . .     Spirit   .   (armour unavailable)
rPois    +         Reflect  .   (helmet unavailable)
rElec    .         Harm     .   (cloak unavailable)
rCorr    .         Rampage  .   (gloves unavailable)
Will     +++++     Clarity  +   (boots unavailable)
Stlth    +++++.....             b - amulet of the Four Winds {rN+ Will+++ Clar}
HPRegen  0.16/turn              D - ring of Sin {rPois Will+ Str+6 SInv}
MPRegen  0.19/turn              s - +4 ring of protection

@: quick
A: very small, claws 1, fangs 3, see invisible, speed 1, shaggy fur 3, stealthy
paws, no weapons or thrown items, no armour, multi-lived, agile 1, clever 2,
mutation resistance 1, screaming 1
a: Renounce Religion, Channel Magic, Forget Spell, Divine Exegesis


You were on level 3 of the Lair of Beasts.
You worshipped Sif Muna.
Sif Muna was greatly pleased with you.
You visited 4 branches of the dungeon, and saw 17 of its levels.
You also visited: Volcano.

You collected 809 gold pieces.

Inventory:

Jewellery
 a - a ring of flight
 b - the amulet of the Four Winds (around neck) {rN+ Will+++ Clar}
   (You found it on level 2 of the Lair of Beasts)

   [amulet of nothing]

   rN:        It protects you from negative energy.
   Clar:      It protects you against confusion.
   Will:      It greatly increases your willpower.
 h - a +6 ring of strength
 q - a ring of wizardry
 s - a +4 ring of protection (right paw)
 u - a ring of ice
 w - a +4 ring of protection
 D - the ring of Sin (left paw) {rPois Will+ Str+6 SInv}
   (You found it on level 2 of the Lair of Beasts)

   [ring of strength]

   Str:       It affects your strength (+6).
   rPois:     It protects you from poison.
   SInv:      It lets you see invisible.
   Will:      It increases your willpower.
Wands
 i - a wand of mindburst (4)
 j - a wand of polymorph (5)
Scrolls
 c - 2 scrolls of torment {unknown}
 e - a scroll of amnesia
 l - a scroll of blinking {unknown}
 n - a scroll of fear
 r - 7 scrolls of teleportation
 y - a scroll of vulnerability {unknown}
 C - a scroll of immolation
Potions
 d - a potion of haste
 f - a potion of mutation
 g - 3 potions of curing
 k - 7 potions of ambrosia {unknown}
 m - a potion of magic
 o - 2 potions of flight
 p - 2 potions of brilliance
 t - a potion of attraction
 v - a potion of lignification {unknown}
 x - a potion of heal wounds {unknown}
 z - a potion of resistance {unknown}
 A - a potion of berserk rage {unknown}
Miscellaneous
 B - a piece from Xom's chessboard (14/15)


   Skills:
 - Level 5.4 Fighting
 + Level 11.4 Dodging
 + Level 12.2 Stealth
 + Level 8.2 Spellcasting
 + Level 6.7 Conjurations
 * Level 11.5 Air Magic
 + Level 4.9 Invocations


You had 12 spell levels left.
You knew the following spells:

 Your Spells              Type           Power      Damage    Failure   Level
a - Airstrike             Air            30%        N/A       1%          4
c - Mephitic Cloud        Conj/Pois/Air  40%        N/A       1%          3
d - Static Discharge      Conj/Air       54%        N/A       1%          2
q - Magic Dart            Conj           100%       1d8       1%          1
s - Swiftness             Air            61%        N/A       1%          3
z - Shock                 Conj/Air       100%       1d9       1%          1

Your spell library contained the following spells:

 Spells                   Type           Power      Damage    Failure   Level
 Animate Skeleton         Necr           20%        N/A       6%          1
 Pain                     Necr           40%        1d6       6%          1
 Call Imp                 Summ           10%        N/A       9%          2
 Passwall                 Tmut/Erth      8%         N/A       9%          2
 Ignite Poison            Fire/Tmut/Pois 10%        N/A       19%         3
 Vampiric Draining        Necr           5%         2d6       19%         3
 Olgreb's Toxic Radiance  Pois           10%        N/A       52%         4
 Bolt of Magma            Conj/Fire/Erth 10%        4d7       54%         5
 Invisibility             Hex            5%         N/A       100%        6
 Ozocubu's Refrigeration  Ice            5%         4d6       100%        7
 Ignition                 Fire           5%         3d4       100%        8


Dungeon Overview and Level Annotations

Branches:
Dungeon (11/15)            Temple (1/1) D:4            Lair (3/6) D:11
 Shoals (0/4) Lair:2          Orc (2/2) D:10        Volcano (visited)
  Snake: Lair:2-4    Spider: Lair:2-4       Elf: Orc:2

Altars:
Cheibriados
Fedhas
Gozag
Hepliaklqana
Kikubaaqudgha
Makhleb
Nemelex Xobeh
Okawaru
Qazlal
Sif Muna
Trog
Vehumet
Wu Jian
Xom
Zin
The Shining One

Shops:
D:1 (   D:4 (   Orc:2 =

Annotations:
D:4 exclusions: downstairs and phantom
D:9 exclusion: ice statue
D:10 Gastronok
Orc:1 exclusion: downstairs


Innate Abilities, Weirdness & Mutations

You have sharp claws.
You have razor-sharp teeth.
You have supernaturally acute eyesight. (SInv)
You cover ground quickly. (Speed+)
Your thick and shaggy fur keeps you warm. (AC +3, rC+)
Your paws help you pounce on unaware monsters.
You are incapable of wielding weapons or throwing items.
You cannot wear armour.
You gain extra lives every three experience levels.
You are agile. (Dex +2)
Your mind is very acute. (Int +4)
You are somewhat resistant to further mutation.
You occasionally shout uncontrollably at your foes.


Message History

The boulder beetle is moderately wounded.
The boulder beetle seems less confused.
The boulder beetle completely misses you.
The boulder beetle leaps!
The boulder beetle curls into a ball and begins rolling!
Casting: Airstrike (dangerous; 1% risk of failure)
Confirm with . or Enter, or press ? or * to list all spells.
Aiming: Mephitic Cloud (safe; 1% risk of failure)
Press: ? - help, Shift-Dir - straight line, p - boulder beetle The ball explodes into a vile cloud!
The stinking cloud engulfs the boulder beetle but does no damage.
The boulder beetle is moderately wounded.
You hear a trumpeting!
The boulder beetle is engulfed in noxious fumes.
The boulder beetle appears confused.
The boulder beetle is engulfed in noxious fumes.
The boulder beetle appears confused.
The boulder beetle is engulfed in noxious fumes.
The boulder beetle appears confused.
The boulder beetle is engulfed in noxious fumes.
The boulder beetle is engulfed in noxious fumes.
The boulder beetle is engulfed in noxious fumes.
The boulder beetle appears confused.
The boulder beetle is engulfed in noxious fumes.
The boulder beetle hits you!!
Ouch! That really hurt!
The boulder beetle stops rolling and uncurls.
Unknown command.
You scratch the boulder beetle but do no damage.
The boulder beetle is heavily wounded.
The boulder beetle misses you.
You scratch the boulder beetle but do no damage.
You bite the boulder beetle, but do no damage.
The boulder beetle is heavily wounded.
The boulder beetle closely misses you.
You scratch the boulder beetle but do no damage.
The boulder beetle is moderately wounded.
The boulder beetle bites you!!
Ouch! That really hurt!
You die...

......# #..............
......##########..............
...............?...........#.#
......†.......................
..............................
..............................
................°...........#.
...............B...........##
..............†°@............
.............................#
..............................
.... .................... P..
######...###...#.## # #####
######


You could see a boulder beetle (confused).

Vanquished Creatures
  Fannar (Orc:1)
  A hydra (Lair:2)
  A death yak (Lair:2)
  6 two-headed ogres
  Sonja (D:11)
  2 lindwurms (Lair:2)
  A cyclops (D:11)
  3 black mambas
  An elephant (Lair:2)
  6 cane toads
  4 komodo dragons
  A kobold demonologist (D:10)
  2 trolls
  A polar bear (Lair:1)
  10 blink frogs
  A snapping turtle (Lair:2)
  A wraith (D:11)
  3 flying skulls (Volcano)
  A shadow (D:11)
  3 wyverns (Lair:2)
  23 yaks
  A fire bat (Orc:1)
  2 basilisks (Lair:2)
  Menkaure (D:6)
  5 water moccasins
  4 black bears
  A necrophage (D:7)
  3 ogres
  3 wolves (Lair:1)
  8 centaurs
  A kobold brigand (D:10)
  11 bullfrogs
  A wyvern zombie (D:8)
  A water moccasin zombie (D:6)
  6 killer bees
  9 wights (D:9)
  2 electric eels (Lair:2)
  2 howler monkeys (D:9)
  A bullfrog zombie (D:4)
  5 centaur zombies
  A lava snake (D:7)
  A hound (D:6)
  3 jellies (D:4)
  An orc priest (D:9)
  A centaur skeleton (D:5)
  A bullfrog skeleton (D:5)
  Jessica (D:2)
  A gnoll shaman (D:9)
  Ijyb (D:3)
  14 orc wizards
  2 iguanas (D:7)
  A killer bee zombie (D:8)
  Robin (D:3)
  8 gnolls
  7 adders
  2 howler monkey skeletons (D:7)
  A shadow imp (D:6)
  A white imp (D:6)
  An ufetubus (D:6)
  2 worms
  2 dart slugs
  18 orcs
  7 endoplasms
  A giant cockroach (D:3)
  19 goblins
  11 hobgoblins
  7 jackals (D:2)
  12 kobolds
  2 quokkas (D:4)
  7 ball pythons
  9 bats
  7 frilled lizards
  4 rats
297 creatures vanquished.

Vanquished Creatures (collateral kills)
  A gnoll (D:9)
1 creature vanquished.

Vanquished Creatures (others)
  3 wights (D:9)
  24 fungi
  31 plants
  8 toadstools (Lair:2)
66 creatures vanquished.

Grand Total: 364 creatures vanquished

Notes
Turn   | Place    | Note
-------+----------+-------------------------------------------
     0 | D:1      | RepoMan the Felid Air Elementalist began the quest for the
                  | Orb.
     0 | D:1      | Reached XP level 1. HP: 7/7 MP: 4/4
    88 | D:1      | Reached skill level 1 in Conjurations
   152 | D:1      | Found a faded altar of an unknown god.
   266 | D:1      | Reached XP level 2. HP: 11/11 MP: 4/6
   300 | D:1      | Reached skill level 3 in Stealth
   360 | D:1      | Found Cevoloumer's Antique Weapon Shoppe.
   497 | D:1      | Learned a level 2 spell: Static Discharge
  1092 | D:2      | Reached XP level 3. HP: 14/14 MP: 5/7
  1493 | D:3      | Learned a level 3 spell: Swiftness
  1524 | D:2      | Noticed Jessica
  1530 | D:2      | Killed Jessica
  1531 | D:2      | Reached XP level 4. HP: 18/18 MP: 3/8
  1564 | D:3      | Noticed Robin
  1869 | D:2      | Reached skill level 4 in Stealth
  1869 | D:2      | Reached XP level 5. HP: 16/21 MP: 5/9
  2376 | D:3      | Killed Robin
  2682 | D:3      | Noticed Ijyb
  2693 | D:3      | Killed Ijyb
  3317 | D:4      | Gained mutation: You are covered in thick fur. (AC +2)
                  | [Felid growth]
  3317 | D:4      | Reached XP level 6. HP: 20/24 MP: 5/11
  3473 | D:4      | You fall into a shaft and drop 2 floors!
  3562 | D:5      | Entered Level 5 of the Dungeon
  3562 | D:5      | Noticed a sky beast
  3589 | D:4      | Found Pyorch's Weapon Boutique.
  3859 | D:4      | HP: 1/24 [centaur (6)]
  3859 | D:4      | Slain by a centaur
  3860 | D:4      | Reached XP level 5. HP: -4/21 MP: 9/10
  3868 | D:4      | Learned a level 4 spell: Airstrike
  3869 | D:4      | Found a shimmering altar of Xom.
  3872 | D:4      | Found a hazy altar of Hepliaklqana.
  3873 | D:4      | Noticed a spectral ugly thing
  3892 | D:4      | Found a staircase to the Ecumenical Temple.
  3901 | Temple   | Entered the Ecumenical Temple
  3907 | Temple   | Became a worshipper of Sif Muna the Loreminder
  3917 | D:4      | Noticed a phantom
  4034 | D:4      | Reached skill level 5 in Stealth
  4034 | D:4      | Reached XP level 6. HP: 24/24 MP: 6/11
  4470 | D:4      | Reached skill level 5 in Air Magic
  4566 | D:4      | Reached skill level 5 in Dodging
  4896 | D:5      | Reached XP level 7. HP: 15/28 MP: 6/13
  5304 | D:5      | Reached skill level 1 in Fighting
  5425 | D:5      | Noticed a yak
  5425 | D:5      | Noticed a yak
  6135 | D:6      | Reached skill level 6 in Stealth
  6325 | D:6      | Noticed Menkaure
  6333 | D:6      | Killed Menkaure
  6334 | D:6      | Reached XP level 8. HP: 11/33 MP: 13/15
  6812 | D:6      | Found an ornate altar of the Wu Jian Council.
  6812 | D:6      | Found a burning altar of Makhleb.
  6820 | D:6      | Found a snail-covered altar of Cheibriados.
  6822 | D:6      | Found a radiant altar of Vehumet.
  6824 | D:6      | Found a glowing silver altar of Zin.
  8096 | D:7      | Reached skill level 7 in Stealth
  8423 | D:8      | You fall into a shaft and drop 3 floors!
  8424 | D:11     | Noticed a cyclops
  8424 | D:11     | Noticed a kobold demonologist
  8424 | D:11     | Noticed a two-headed ogre
  8429 | D:11     | Noticed a two-headed ogre
  8432 | D:10     | Entered Level 10 of the Dungeon
  8440 | D:10     | Killed a kobold demonologist
  8500 | D:9      | Noticed a centaur warrior
  8500 | D:9      | HP: 1/34 [centaur warrior/arrow (13)]
  8500 | D:9      | Slain by a wight
  8501 | D:9      | Reached XP level 7. HP: 0/31 MP: 14/15
  8764 | D:8      | Reached XP level 8. HP: 34/34 MP: 12/16
  8813 | D:8      | Found a blossoming altar of Fedhas.
  9249 | D:8      | Reached skill level 5 in Spellcasting
  9395 | D:8      | Reached skill level 8 in Stealth
  9395 | D:8      | Reached XP level 9. HP: 39/39 MP: 12/17
  9438 | D:8      | Reached * piety under Sif Muna
 10491 | D:9      | Noticed an ice statue
 10843 | D:9      | Noticed a two-headed ogre
 10879 | D:9      | You fall into a shaft and drop 1 floor!
 10914 | D:9      | Noticed a two-headed ogre
 10957 | D:9      | Killed a two-headed ogre
 10958 | D:9      | Reached skill level 9 in Stealth
 11033 | D:9      | Gained mutation: You are weak. (Str -2) [potion of
                  | mutation]
 11033 | D:9      | Lost mutation: You are weak. (Str -2) [potion of mutation]
 11034 | D:9      | Gained mutation: You occasionally shout uncontrollably at
                  | your foes. [potion of mutation]
 11034 | D:9      | Gained mutation: Your mind is acute. (Int +2) [potion of
                  | mutation]
 11034 | D:9      | Gained mutation: You possess an exceptional clarity of
                  | mind. [potion of mutation]
 11035 | D:9      | Lost mutation: You possess an exceptional clarity of mind.
                  | [potion of mutation]
 11035 | D:9      | Gained mutation: You are agile. (Dex +2) [potion of
                  | mutation]
 11035 | D:9      | Gained mutation: You are somewhat resistant to further
                  | mutation. [potion of mutation]
 11035 | D:9      | Gained mutation: Your mind is very acute. (Int +4) [potion
                  | of mutation]
 11077 | D:9      | Reached XP level 10. HP: 43/43 MP: 15/19
 11194 | D:9      | Killed a two-headed ogre
 11259 | D:9      | Noticed a two-headed ogre
 11420 | D:9      | Killed a two-headed ogre
 11420 | D:9      | Reached ** piety under Sif Muna
 11421 | D:9      | Reached skill level 5 in Fighting
 11923 | D:10     | Reached skill level 10 in Stealth
 12157 | D:10     | Found a staircase to the Orcish Mines.
 12571 | D:10     | Killed a two-headed ogre
 12688 | D:11     | Noticed Sonja
 12688 | D:11     | Noticed a two-headed ogre
 12784 | D:11     | Noticed Gastronok
 13097 | Orc:1    | Entered Level 1 of the Orcish Mines
 13097 | Orc:1    | Noticed Maurice
 13099 | Orc:1    | Noticed Maurice
 13099 | Orc:1    | Maurice changed into Maurice the fire bat
 13103 | Orc:1    | Killed Maurice the fire bat
 13222 | Orc:1    | Noticed Fannar
 13242 | Orc:1    | Killed Fannar
 13243 | Orc:1    | Reached XP level 11. HP: 46/48 MP: 5/22
 13442 | Orc:2    | Entered Level 2 of the Orcish Mines
 13442 | Orc:2    | Found Vaxetz's Jewellery Shop.
 13442 | Orc:2    | Noticed an orc sorcerer
 13442 | Orc:2    | Noticed an orc knight
 13442 | Orc:2    | Noticed an orc warlord
 13442 | Orc:2    | Noticed an orc sorcerer
 13443 | Orc:2    | Noticed an orc knight
 13443 | Orc:2    | Noticed an orc sorcerer
 13479 | D:11     | Reached skill level 1 in Invocations
 13861 | D:10     | Reached skill level 5 in Conjurations
 14180 | D:11     | Learned a level 3 spell: Mephitic Cloud
 14222 | D:11     | Killed a two-headed ogre
 14223 | D:11     | Reached skill level 10 in Air Magic
 14269 | D:11     | Killed Sonja
 14270 | D:11     | Reached skill level 10 in Dodging
 14423 | D:11     | Killed a two-headed ogre
 14423 | D:11     | Reached *** piety under Sif Muna
 14839 | D:11     | Reached skill level 11 in Stealth
 14842 | D:11     | Found a staircase to the Lair.
 14862 | Lair:1   | Entered Level 1 of the Lair of Beasts
 14869 | Lair:1   | Learned a level 1 spell: Magic Dart
 15014 | Lair:1   | Found a dark tunnel.
 15019 | Volcano  | Entered a volcano
 15076 | Volcano  | Noticed a skeletal warrior
 16056 | Lair:1   | You fall into a shaft and drop 1 floor!
 16225 | Lair:2   | Gained mutation: Your thick and shaggy fur keeps you warm.
                  | (AC +3, rC+) [Felid growth]
 16225 | Lair:2   | Reached XP level 12. HP: 51/51 MP: 11/24
 16950 | Lair:2   | Noticed a five-headed hydra
 16955 | Lair:2   | Killed a five-headed hydra
 17175 | Lair:2   | Noticed a death yak
 17223 | Lair:2   | Found a runed translucent door.
 17241 | Lair:2   | Demolished by a death yak
 17242 | Lair:2   | Reached XP level 11. HP: -14/48 MP: 16/23
 18157 | Lair:2   | Killed a death yak
 18533 | Lair:2   | Found a staircase to the Shoals.
 18898 | Lair:2   | Noticed a lindwurm
 18898 | Lair:2   | Noticed a lindwurm
 18899 | Lair:2   | Found the amulet of the Four Winds {rN+ Will+++ Clar}
 19212 | Lair:2   | Killed a lindwurm
 19213 | Lair:2   | Reached skill level 12 in Stealth
 19265 | Lair:2   | Killed a lindwurm
 19327 | Lair:2   | Identified the ring of Sin {rPois Will+ Str+6 SInv}
 19871 | Lair:2   | Reached **** piety under Sif Muna
 20250 | Lair:3   | Noticed a boulder beetle
 20272 | Lair:3   | Mangled by a boulder beetle

Illustrated notes

Levels and vault maps discovered:
D:1:      scummos_arrival_forest, layout_basic, shapermc_ecumenical_altar_venn,
          serial_shops, nicolae_shop_temple_entry_statues_fountains
D:2:      layout_basic, uniq_jessica
D:3:      minmay_door_path, layout_loops_ring, minmay_misc_feat_rows,
          kennysheep_small_spiral, item_on_display_a, uniq_robin, uniq_ijyb
D:4:      cheibrodos_greedy_goblins, layout_loops_cross,
          regret_index_temple_of_mockery, minmay_temple_entry_glassed_door,
          serial_shops, nicolae_take_the_stairs
D:5:      layout_loops_ring, minmay_holes, minmay_misc_feat_roman, st_stairs_12,
          hangedman_abyss_or_decor_stagger
D:6:      layout_loops_ring, chequers_temple_overflow_minitemple, uniq_menkaure
D:7:      layout_loops_corners, kennysheep_doodads
D:8:      layout_loops_ring, lemuel_tele_altar
D:9:      layout_basic, minivault_16, kennysheep_generic_room_2
D:10:     layout_basic, orc_0_dummy
D:11:     layout_rooms, lair_entry_dummy, uniq_sonja, uniq_gastronok
Temple:   eino_narrow_crystal_temple
Lair:1:   layout_cave_pods, enter_volcano_4
Lair:2:   gammafunk_lair_enchanted_lake, layout_concentric_octagons,
          minmay_shoals_entry_hut
Lair:3:   dpeg_oklob_gauntlet, layout_regular_city,
          chequers_serial_rivers_marsh, grunt_megastairs_5,
          infiniplex_staircase_pool
Orc:1:    layout_diamond_mine, kennysheep_orc_sif_temple, uniq_fannar,
          uniq_maurice
Orc:2:    grunt_orc_gardens, layout_caves, grunt_orc_garden, grunt_orc_garden,
          grunt_orc_garden, grunt_orc_garden, basic_altar

Skill      XL: |  1  2  3  4  5  6  7  8  9 10 11 12 |
---------------+-------------------------------------+-----
Conjurations   | 1 2 3 4 5 6 |  6.7
Stealth        | 3 4 5 6 8 9 10 12 | 12.2
Air Magic      | 3 4 5 7 8 9 11 | 11.5
Dodging        | 3 4 5 7 8 9 11 | 11.4
Spellcasting   | 3 4 5 6 8 |  8.2
Fighting       | 1 4 5 |  5.4
Invocations    | 4 |  4.9

Action                   |  1- 3 |  4- 6 |  7- 9 | 10-12 || total
-------------------------+-------+-------+-------+-------++-------
Melee: Unarmed           |     9 |    21 |     4 |    31 ||    65
       Bite              |       |     1 |       |     4 ||     5
 Cast: Shock             |    56 |   137 |   250 |   174 ||   617
       Static Discharge  |     3 |     2 |     7 |     7 ||    19
       Airstrike         |       |       |    19 |   163 ||   182
       Swiftness         |       |       |     1 |     1 ||     2
       Mephitic Cloud    |       |       |       |    33 ||    33
Invok: Channel Magic     |       |       |       |     1 ||     1
Evoke: Wand              |       |     1 |    15 |    47 ||    63
       Piece from Xom's  |       |       |       |     1 ||     1
  Use: Scroll            |       |     5 |     8 |     9 ||    22
       Potion            |       |     1 |     5 |     1 ||     7
 Stab: Sleeping          |     3 |     4 |     2 |     4 ||    13
       Distracted        |       |     1 |       |       ||     1
       Confused          |       |       |       |     4 ||     4
Armor: Skin              |     1 |     4 |    17 |    15 ||    37
Dodge: Dodged            |    19 |    70 |    87 |   181 ||   357
